 Dungeon Crawl Stone Soup version 0.21-a0-450-gd87a9b2 (webtiles) character file.

612528 woebetide the Wrestler (level 26, -21/247 HPs)
             Began as a Troll Monk on Nov 15, 2017.
             Was a High Priest of Okawaru.
             Demolished by Kehatess the pandemonium lord (36 damage)
             ... on level 10 of the Dungeon on Nov 19, 2017.
             The game lasted 02:36:55 (61191 turns).

woebetide the Wrestler (Troll Monk)                Turns: 61191, Time: 02:36:55

Health: -21/247    AC: 32    Str: 34    XL:     26   Next: 80%
Magic:  29/29      EV: 17    Int:  5    God:    Okawaru [*****.]
Gold:   3608       SH: 32    Dex:  7    Spells: 25/25 levels left

rFire    + + +     SeeInvis .     - Unarmed
rCold    + . .     Gourm    +   U - +10 large shield of Ignorance {rN+ Int-4}
rNeg     + . .     Faith    .   g - +4 gold dragon scales
rPois    +         Spirit   .   i - +2 hat {MR+}
rElec    .         Reflect  .   e - +2 cloak {rPois}
rCorr    .         Harm     .   (gloves unavailable)
MR       +++++     Rnd*Rage +   (boots unavailable)
Stlth    ..........             a - amulet of Vitality {Regen+ HP+15}
HPRegen  1.31/turn              p - ring of Phasing {EV+8}
MPRegen  0.21/turn              d - ring of Kysmocae {+Blink rF+ MR+++ Int+3 Dex-5}

@: about to teleport
A: unfitting armour, antennae 1, claws 3, hooves 2, iridescent scales 1, berserk
1, deformed body, fire resistance 1, fast metabolism 3, frail 2, gourmand, high
mp 1, regeneration 1, shaggy fur 1, tough skin 2, evolution 1
0: Orb of Zot
}: 3/15 runes: barnacled, silver, gossamer
a: Heroism, Finesse, Renounce Religion, Evoke Blink


You were on level 10 of the Dungeon.
You worshipped Okawaru.
Okawaru was extremely pleased with you.
You were not hungry.

You visited 10 branches of the dungeon, and saw 50 of its levels.
You visited 1 ziggurat, and saw 3 of its levels.
You also visited: Labyrinth and Ice Cave.

You collected 7299 gold pieces.
You spent 3691 gold pieces at shops.

Inventory:

Hand Weapons
 f - a +0 glaive
Missiles
 t - 107 large rocks (quivered)
Armour
 e - a +2 cloak of poison resistance (worn)
 g - +4 gold dragon scales (worn)
 i - a +2 hat of magic resistance (worn)
 x - a +2 cloak
 U - the +10 large shield of Ignorance (worn) {rN+ Int-4}
   (Okawaru gifted it to you on level 6 of the Lair of Beasts)

   It affects your intelligence (-4).
   It protects you from negative energy.
Jewellery
 a - the amulet of Vitality (around neck) {Regen+ HP+15}
   (You found it on level 12 of the Dungeon)

   [amulet of regeneration]

   It affects your health (+15).
   It increases your rate of regeneration.
 d - the ring of Kysmocae (right claw) {+Blink rF+ MR+++ Int+3 Dex-5}
   (You found it in a labyrinth)

   [ring of intelligence]

   It affects your intelligence (+3).
   It affects your dexterity (-5).
   It protects you from fire.
   It affects your resistance to hostile enchantments.
   It lets you blink.
 p - the ring of Phasing (left claw) {EV+8}
   (You bought it in a shop on level 2 of the Orcish Mines)

   [ring of evasion]

   It affects your evasion (+8).
Wands
 n - a wand of clouds (5/9)
 u - a wand of polymorph (11/24)
 D - a wand of confusion (29/48)
 G - a wand of acid (2/15)
 H - a wand of scattershot (4/9)
 J - a wand of acid (12/15)
 N - a wand of digging (16/24)
 W - a wand of clouds (3/9)
 X - a wand of disintegration (9/24)
 Y - a wand of scattershot (6/9)
 Z - a wand of digging (23/24)
Scrolls
 c - 9 scrolls of identify
 j - 17 scrolls of teleportation
 m - 2 scrolls of magic mapping
 q - 20 scrolls of remove curse
 r - a scroll of holy word
 v - a scroll of silence
 y - 8 scrolls of recharging
 z - 11 scrolls of fog
 B - a scroll of amnesia
 E - 4 scrolls of fear
 S - 4 scrolls of blinking
Potions
 k - 2 potions of resistance
 l - 2 potions of brilliance
 s - 5 potions of agility
 A - 17 potions of curing
 C - a potion of magic {unknown}
 K - 4 potions of ambrosia
 L - a potion of mutation
 P - 2 potions of cancellation
 Q - 9 potions of flight
 T - 3 potions of berserk rage
Books
 o - a book of Geomancy

   Spells                             Type                      Level
   a - Sandblast                      Earth                        1
   b - Passwall                       Transmutation/Earth          2
   c - Stone Arrow                    Conjuration/Earth            3
   d - Petrify                        Transmutation/Earth          4
   e - Lee's Rapid Deconstruction     Earth                        5
Miscellaneous
 h - a phial of floods
 R - 4 boxes of beasts
Comestibles
 b - 17 bread rations
 F - 31 royal jellies
 I - 38 fruits
 M - 23 meat rations


   Skills:
 + Level 22.0 Fighting
 - Level 20.6 Armour
 - Level 10.4 Dodging
 - Level 1.0 Stealth
 - Level 15.0 Shields
 + Level 22.6 Unarmed Combat
 - Level 6.0 Invocations
 - Level 3.4 Evocations


You had 25 spell levels left.
You didn't know any spells.

Dungeon Overview and Level Annotations

Branches:
Dungeon (15/15)            Temple (1/1) D:7            Lair (6/6) D:9
 Shoals (4/4) Lair:4       Spider (4/4) Lair:2          Orc (2/2) D:11
    Elf (3/3) Orc:2        Vaults (5/5) D:13          Crypt (0/3) Vaults:2
 Depths (5/5) D:15            Zot (5/5) Depths:5
  Slime: Lair:5-6

Altars:
Ashenzari
Cheibriados
Dithmenos
Elyvilon
Kikubaaqudgha
Makhleb
Nemelex Xobeh
Okawaru
Qazlal
Ru
Sif Muna
Trog
Uskayaw
Wu Jian
Xom
Yredelemnul
The Shining One
Beogh

Shops:
D:7 [   D:8 *   D:13 =   D:14 *   D:15 :   Orc:2 *[=(   Elf:1 *   Elf:2 [
Vaults:1 (   Vaults:2 %   Vaults:3 *

Portals:
Hell: Depths:1 Depths:2 Depths:3 Depths:4 Depths:5
Abyss: Depths:4
Pandemonium: Depths:3

Annotations:
D:14 exclusion: Roxanne, Roxanne
Lair:5 exclusion: oklob plant
Shoals:4 exclusion: oklob plant, Ilsuiw
Elf:2 3 runed doors
Vaults:4 exclusion: orange crystal statue
Depths:5 exclusion: ice statue


Innate Abilities, Weirdness & Mutations

You are too large for most types of armour.
You have claws for hands.
Your metabolism is lightning-fast.
You like to eat raw meat.
Your natural rate of healing is unusually fast.
You are covered in fur. (AC +1)
You have very tough skin. (AC +2)
You have a pair of small antennae on your head.
You have hoof-like feet.
You are partially covered in iridescent scales. (AC +2)
You tend to lose your temper in combat.
Armour fits poorly on your strangely shaped body.
Your flesh is heat resistant. (rF+)
You are very frail. (-20% HP)
You have an increased reservoir of magic. (+10% MP)
You evolve.


Message History

The Brimstone Fiend calls on the powers of darkness!
Your body is wracked with pain!
* * * LOW HITPOINT WARNING * * *
Kehatess hits you!!
* * * LOW HITPOINT WARNING * * *
You writhe in agony.
* * * LOW HITPOINT WARNING * * *
Unknown command.
You feel better. You block Kehatess's attack.
Unknown command.
Unknown command.
You block Kehatess's attack.
Unknown command.
Okay, then.
Unknown command.
The Brimstone Fiend calls on the powers of darkness!
Your body is wracked with pain!
* * * LOW HITPOINT WARNING * * *
Kehatess hits you!!!
You die...

.#)###.####............#
.#รท....# #.........4..#
###'#### ##########.###
#.# ###..# #.### ##...##
#...# #..### #####.###
######.######
........###.....&.....#
........#.......@.....#
........#.#...1.......#
........#.#...........#
........#.#..)).......#
.......)#.#..<........#
..........#...[.......#
...>....###...........#
........# #############
#########


You could see Kehatess and a Brimstone Fiend.

Vanquished Creatures
  5 ancient liches
  7 orbs of fire
  2 juggernauts
  Boris (Depths:4)
  A caustic shrike (Depths:3)
  Margery (Depths:3)
  12 golden dragons
  Xtahua (Vaults:2)
  3 curse toes
  Nikola (Shoals:1)
  2 Killer Klowns (Zot:5)
  Jory (Vaults:3)
  A bone dragon (Depths:5)
  3 electric golems (Zot:5)
  Arachne (Spider:2)
  28 Orb Guardians
  5 tentacled monstrosities
  Rupert (Lair:3)
  2 liches
  2 deep elf master archers (Elf:3)
  4 quicksilver dragons
  3 deep elf blademasters
  4 titans
  4 sphinxes
  Gastronok (D:11)
  An Executioner (Zot:4)
  2 death cobs
  Agnes (Elf:1)
  8 shadow dragons
  Frances (Shoals:1)
  11 storm dragons
  Kirke (Spider:4)
  A daeva (D:15)
  3 draconian monks (Zot:5)
  The ghost of Salmacis the Warrior, an adept OpFi of Hepliaklqana (Shoals:3)
  7 fire giants
  Donald (Shoals:4)
  6 tengu reavers
  2 revenants
  8 frost giants
  A draconian knight (Zot:5)
  3 orc warlords
  10 deep elf sorcerers
  16 vault wardens
  6 draconian scorchers
  A balrug (Depths:5)
  5 emperor scorpions
  3 ghost moths
  A curse skull (Depths:4)
  4 iron dragons
  Aizul (Shoals:2)
  A juggernaut zombie (Depths:1)
  2 draconian shifters
  6 deep elf elementalists
  An angel (Depths:4)
  16 ironheart preservers
  The ghost of arkorax the Severer, a journeyman FoFi of Gozag (Lair:6)
  A spriggan defender (D:15)
  3 draconian annihilators
  9 draconian stormcallers
  A caustic shrike skeleton (Depths:4)
  17 very ugly things
  A juggernaut skeleton (Depths:4)
  3 vampire knights (Depths:4)
  4 green draconians
  4 entropy weavers
  6 deep elf demonologists
  15 stone giants
  5 yellow draconians
  2 black draconians
  6 white draconians
  9 deep elf annihilators
  5 red draconians (Depths:5)
  5 purple draconians
  9 deep elf death magi
  14 spark wasps
  A minotaur (Lab)
  An eidolon (Vaults:2)
  Snorg (D:11)
  9 merfolk javelineers
  A blizzard demon (Depths:5)
  5 jiangshi
  Josephine (Spider:1)
  11 ettins
  5 fire dragons
  8 great orbs of eyes
  5 deep elf high priests
  11 merfolk impalers
  12 ogre magi
  20 yaktaur captains
  9 ice dragons
  28 vault guards
  Erolcha (D:9)
  4 hydras
  3 rakshasas
  A spriggan air mage (Depths:3)
  9 centaur warriors
  38 two-headed ogres
  2 quicksilver dragon skeletons
  2 alligator snapping turtles
  A death knight (Vaults:5)
  2 catoblepae (shapeshifter)
  4 merfolk aquamancers
  16 dancing weapons
  2 two-headed ogres (shapeshifter)
  9 deep troll shamans
  A death yak (IceCv)
  5 orc high priests
  7 deep troll earth magi
  4 spriggan berserkers
  9 tengu warriors
  2 vampire magi
  3 soul eaters (Depths:5)
  A storm dragon zombie (Depths:4)
  2 titan skeletons (Depths:4)
  4 sun demons
  A salamander mystic (Depths:4)
  11 hell knights
  An iron troll (shapeshifter) (Vaults:5)
  15 deep elf knights
  11 skeletal warriors
  4 unseen horrors
  16 deep elf archers
  3 glowing orange brains
  4 iron trolls
  7 flayed ghosts
  12 sea snakes
  A cherub (D:15)
  2 golden dragon skeletons (Depths:4)
  A golden dragon zombie (Depths:4)
  32 deep trolls
  5 phantasmal warriors
  2 quicksilver dragon simulacra (Depths:5)
  A storm dragon skeleton (Depths:4)
  A kraken simulacrum (Shoals:4)
  15 ironbrand convokers
  3 wizards
  A wolf spider zombie (D:14)
  8 necromancers
  17 orb spiders
  12 harpies
  4 fauns
  A harpy (shapeshifter) (Depths:1)
  An iron dragon zombie (D:15)
  37 ugly things
  A tengu skeleton (Vaults:5)
  54 deep elf magi
  12 orc sorcerers
  35 wolf spiders
  21 orc knights
  12 manticores
  A manticore (shapeshifter) (Vaults:2)
  2 frost giant zombies
  10 moths of wrath
  A shining eye (shapeshifter) (Vaults:3)
  A fire giant zombie (Vaults:3)
  A shadow dragon skeleton (Depths:4)
  6 salamanders (Depths:4)
  A human skeleton (Vaults:3)
  3 centaur zombies
  A fire giant skeleton (Depths:4)
  13 cyclopes
  A stone giant skeleton (Vaults:3)
  6 water nymphs
  A smoke demon (D:10)
  A black mamba (Lair:2)
  An ice statue (IceCv)
  8 rust devils (Depths:5)
  A frost giant skeleton (Vaults:3)
  12 merfolk sirens
  3 torpor snails
  17 vault sentinels
  2 gargoyles
  23 spiny frogs
  2 spiny frogs (shapeshifter)
  A spriggan zombie (Depths:1)
  3 kobold demonologists
  A rime drake (Lair:4)
  48 yaktaurs
  An efreet (D:14)
  9 freezing wraiths
  2 elf zombies (Depths:4)
  8 komodo dragons
  2 ice devils (Depths:5)
  A yaktaur (shapeshifter) (Elf:1)
  5 hellwings
  A yaktaur skeleton (Vaults:5)
  A komodo dragon (shapeshifter) (Vaults:5)
  15 demonic crawlers
  4 red devils
  4 small abominations (Elf:3)
  7 trolls
  7 tengu conjurers
  A guardian mummy (D:15)
  13 merfolk
  3 tyrant leeches (Lair:6)
  24 jumping spiders
  The ghost of zkyp the Poker, an amateur MfMo (D:5)
  18 polar bears
  A queen bee (Lair:1)
  A polar bear (shapeshifter) (Vaults:3)
  2 wind drakes
  A hornet (shapeshifter) (Vaults:4)
  13 hippogriffs
  9 hornets
  22 blink frogs
  A dream sheep (shapeshifter) (Depths:1)
  5 slime creatures
  12 dream sheep
  An ettin zombie (Depths:1)
  2 wind drakes (shapeshifter)
  An ice dragon zombie (D:15)
  A frost giant simulacrum (Vaults:5)
  A fire giant simulacrum (Vaults:3)
  73 redbacks
  A hippogriff (shapeshifter) (Vaults:4)
  7 snapping turtles
  8 flying skulls
  A redback (shapeshifter) (Vaults:1)
  A spriggan (D:15)
  A spriggan (shapeshifter) (Depths:2)
  3 shadows
  15 tarantellas
  8 air elementals
  2 ynoxinuls
  45 yaks
  5 wraiths
  6 wyverns
  19 water elementals
  2 hogs (Spider:4)
  4 basilisks
  A vampire (D:13)
  2 fire elementals
  A steam dragon (D:10)
  2 hungry ghosts
  A neqoxec (D:14)
  12 vampire mosquitoes
  9 wargs
  3 tengu zombies
  A swamp worm (shapeshifter) (Vaults:5)
  5 acid dragons
  7 water moccasins
  5 hell hounds (Depths:5)
  11 porcupines
  4 ettin simulacra (Depths:5)
  4 sky beasts
  3 ice beasts
  3 phantoms
  25 ogres
  48 orc warriors
  A necrophage (D:10)
  3 black bears
  2 eyes of draining
  23 wolves
  3 elf skeletons
  25 boggarts
  17 centaurs
  19 crocodiles
  7 big kobolds
  A yaktaur zombie (Depths:1)
  24 bullfrogs
  A wyvern zombie (D:14)
  2 earth elementals (Elf:1)
  27 killer bees
  2 wyvern skeletons
  7 scorpions
  15 wights
  8 electric eels
  6 howler monkeys
  5 crimson imps
  2 bullfrog zombies
  A quasit (D:15)
  3 bullfrog skeletons
  19 orc priests
  9 hounds
  5 jellies
  30 orc wizards
  Jessica (D:2)
  4 iguanas
  Natasha (twice) (D:2)
  10 worker ants
  A hound zombie (D:8)
  A hound skeleton (D:6)
  Robin (D:3)
  A howler monkey skeleton (D:8)
  12 adders
  3 shadow imps
  A white imp (Depths:5)
  2 ufetubi (Zot:5)
  An ooze (D:5)
  An adder skeleton (D:7)
  An adder zombie (D:6)
  2 worms
  A dart slug (D:2)
  4 leopard geckos
  84 orcs
  A bat zombie (D:2)
  3 giant cockroaches
  10 hobgoblins
  7 jackals
  5 quokkas
  A ball python (D:3)
  9 bats
  5 frilled lizards
  17 goblins
  42 kobolds
  3 leopard gecko zombies
  A quokka skeleton (D:6)
  9 rats
  A crawling corpse (Elf:3)
  2 plants
  A tentacle (Shoals:4)
  A withered plant (D:15)
2208 creatures vanquished.

Vanquished Creatures (collateral kills)
  A merfolk impaler (Shoals:4)
  A manticore (Shoals:4)
2 creatures vanquished.

Vanquished Creatures (others)
  A very ugly thing (Depths:5)
  A spriggan air mage (Depths:5)
  A merfolk aquamancer (Shoals:4)
  A deep elf knight (Elf:3)
  A sea snake (Shoals:1)
  A deep elf mage (Elf:1)
  A moth of wrath (Zot:5)
  A blink frog (shapeshifter) (Vaults:5)
  An air elemental (Depths:5)
  A flying skull (Depths:5)
  A wraith (Depths:5)
  2 boggarts
  30 fungi
  32 plants
  11 tentacles
86 creatures vanquished.

Grand Total: 2296 creatures vanquished

Notes
Turn   | Place    | Note
-------+----------+-------------------------------------------
     0 | D:1      | woebetide the Troll Monk began the quest for the Orb.
     0 | D:1      | Reached XP level 1. HP: 22/22 MP: 0/0
   246 | D:1      | Reached XP level 2. HP: 29/29 MP: 1/1
   863 | D:2      | Reached XP level 3. HP: 33/36 MP: 2/2
  1120 | D:2      | Noticed Jessica
  1125 | D:2      | Killed Jessica
  1125 | D:2      | Reached XP level 4. HP: 45/45 MP: 3/3
  1415 | D:2      | Noticed Natasha
  1420 | D:2      | Killed Natasha
  1903 | D:2      | Noticed Natasha
  1912 | D:2      | Killed Natasha
  1912 | D:2      | Reached skill level 5 in Unarmed Combat
  1912 | D:2      | Reached XP level 5. HP: 38/53 MP: 4/4
  2324 | D:3      | Noticed Robin
  2349 | D:3      | Killed Robin
  2902 | D:4      | Reached XP level 6. HP: 61/62 MP: 5/5
  3780 | D:5      | Entered Level 5 of the Dungeon
  3881 | D:5      | Reached XP level 7. HP: 71/71 MP: 6/6
  4138 | D:5      | Found a sparkling altar of Nemelex Xobeh.
  4352 | D:5      | Noticed zkyp's ghost (amateur MfMo)
  4413 | D:5      | Killed zkyp's ghost
  4413 | D:5      | Reached skill level 5 in Fighting
  4413 | D:5      | Reached XP level 8. HP: 58/80 MP: 5/7
  5415 | D:6      | Reached skill level 10 in Unarmed Combat
  5422 | D:6      | Reached XP level 9. HP: 38/89 MP: 1/8
  6330 | D:7      | Found Otweom's Armour Boutique.
  6769 | D:7      | Found a staircase to the Ecumenical Temple.
  6839 | Temple   | Entered the Ecumenical Temple
  6905 | Temple   | Became a worshipper of Warmaster Okawaru
  6905 | Temple   | Reached * piety under Okawaru
  6905 | Temple   | Reached ** piety under Okawaru
  7106 | D:7      | Found an ornate altar of the Wu Jian Council.
  7328 | D:8      | Found Cuolua Qiane's Assorted Antiques.
  7385 | D:8      | Reached skill level 1 in Shields
  7527 | D:8      | Noticed a two-headed ogre
  7538 | D:8      | Killed a two-headed ogre
  7538 | D:8      | Reached XP level 10. HP: 74/102 MP: 4/9
  7975 | D:8      | Reached *** piety under Okawaru
  8190 | D:9      | Found a staircase to the Lair.
  8343 | D:9      | Found a burning altar of Makhleb.
  8880 | D:9      | Noticed Erolcha
  8899 | D:9      | Killed Erolcha
  8899 | D:9      | Reached **** piety under Okawaru
  8899 | D:9      | Reached skill level 5 in Shields
  9307 | D:10     | Entered Level 10 of the Dungeon
  9420 | D:10     | Noticed a two-headed ogre
  9437 | D:10     | Killed a two-headed ogre
  9449 | D:10     | Reached XP level 11. HP: 81/109 MP: 4/10
  9583 | D:10     | Noticed a two-headed ogre
  9589 | D:10     | Noticed a two-headed ogre
  9591 | D:10     | Killed a two-headed ogre
  9595 | D:10     | Killed a two-headed ogre
  9674 | D:10     | Reached ***** piety under Okawaru
  9899 | D:10     | Noticed a two-headed ogre
  9946 | D:10     | Killed a two-headed ogre
 10021 | D:10     | Noticed a two-headed ogre
 10032 | D:10     | Killed a two-headed ogre
 10430 | Lair:1   | Entered Level 1 of the Lair of Beasts
 10545 | Lair:1   | Noticed an eight-headed hydra
 10762 | Lair:1   | Received a gift from Okawaru
 11259 | Lair:2   | Found a hole to the Spider Nest.
 11259 | Lair:2   | Noticed an orb spider
 11369 | Lair:2   | Killed an orb spider
 11369 | Lair:2   | Reached XP level 12. HP: 118/118 MP: 11/11
 11833 | Lair:2   | Reached skill level 15 in Unarmed Combat
 12027 | Lair:2   | Reached skill level 1 in Armour
 12766 | Lair:3   | Noticed Rupert
 12782 | Lair:3   | Killed Rupert
 13187 | Lair:4   | Identified the Grimoire of Self-Knowledge
 13355 | Lair:4   | Received a gift from Okawaru
 13355 | Lair:4   | Reached skill level 5 in Dodging
 14118 | Lair:4   | Found a staircase to the Shoals.
 14320 | Lair:5   | Reached XP level 13. HP: 122/124 MP: 10/12
 14375 | Lair:5   | Found a frozen archway.
 14384 | IceCv    | Entered an ice cave
 15122 | IceCv    | Noticed a frost giant
 15138 | IceCv    | Killed a frost giant
 15162 | IceCv    | Reached ****** piety under Okawaru
 15425 | Lair:5   | Reached skill level 10 in Dodging
 16241 | Lair:6   | Entered Level 6 of the Lair of Beasts
 16253 | Lair:6   | Noticed arkorax's ghost (journeyman FoFi)
 16266 | Lair:6   | Killed arkorax's ghost
 16464 | Lair:6   | Received a gift from Okawaru
 16465 | Lair:6   | Found the +10 large shield of Ignorance {rN+ Int-4}
 16808 | Lair:6   | Reached XP level 14. HP: 136/136 MP: 10/13
 17220 | Lair:6   | Reached skill level 10 in Shields
 18876 | D:11     | Noticed Snorg
 18882 | D:11     | Killed Snorg
 18882 | D:11     | Received a gift from Okawaru
 19143 | D:11     | Found a staircase to the Orcish Mines.
 19259 | D:11     | Noticed Gastronok
 19278 | D:11     | Killed Gastronok
 19288 | D:11     | Found a snail-covered altar of Cheibriados.
 19600 | Orc:1    | Entered Level 1 of the Orcish Mines
 19730 | Orc:2    | Entered Level 2 of the Orcish Mines
 19827 | Orc:2    | Noticed an orc warlord
 19828 | Orc:2    | Found Tarhelao's General Store.
 19842 | Orc:2    | Found Tadaziemm's Jewellery Boutique.
 20037 | Orc:2    | Reached skill level 1 in Invocations
 20210 | Orc:2    | Found Zoschaun's Antique Weapon Boutique.
 20634 | Orc:2    | Found a runed door.
 20749 | Orc:2    | Found Godghunaa's Antique Armour Shoppe.
 20775 | Orc:2    | Killed an orc warlord
 20791 | Orc:2    | Found a staircase to the Elven Halls.
 21221 | Orc:2    | Received a gift from Okawaru
 21272 | Orc:2    | Found a roughly hewn altar of Beogh.
 21866 | D:12     | Found the amulet of Vitality {Regen+ HP+15}
 22410 | D:12     | Reached XP level 15. HP: 148/148 MP: 16/16
 22896 | Orc:2    | Bought the ring of Phasing {EV+8} for 2176 gold pieces
 22896 | Orc:2    | Found the ring of Phasing {EV+8}
 23010 | D:13     | Found Wigast's Jewellery Boutique.
 23060 | D:13     | Identified a scroll of acquirement
 23061 | D:13     | Got a bloodstained hat
 23072 | D:13     | Identified the +1 hat of Patience {+Fly MP+9 Stlth+} (You acquired it on level 13 of the Dungeon)
 24133 | D:13     | Reached skill level 10 in Fighting
 24140 | D:13     | Found a gate to the Vaults.
 24536 | D:14     | Reached skill level 5 in Invocations
 24677 | D:14     | Noticed Roxanne
 24699 | D:14     | Received a gift from Okawaru
 25051 | D:14     | Found Mitedas's General Store.
 25107 | D:15     | Entered Level 15 of the Dungeon
 25208 | D:15     | Found a labyrinth entrance.
 25247 | Lab      | Entered a labyrinth
 25766 | Lab      | Got a shimmering steel ring
 25768 | Lab      | Identified the ring of Kysmocae {+Blink rF+ MR+++ Int+3 Dex-5} (You found it in a labyrinth)
 25883 | D:15     | Found a staircase to the Depths.
 26067 | D:15     | Found Daaloerr's Book Boutique.
 26984 | Shoals:1 | Entered Level 1 of the Shoals
 27030 | Shoals:1 | Noticed a kraken
 27073 | Shoals:1 | Found a runed door.
 27141 | Shoals:1 | Upgraded the game from 0.21-a0-442-g848f44b to 0.21-a0-444-g29a2fec
 27145 | Shoals:1 | Reached XP level 16. HP: 158/158 MP: 19/19
 27153 | Shoals:1 | Received a gift from Okawaru
 27187 | Shoals:1 | Reached skill level 1 in Evocations
 27353 | Shoals:1 | Noticed Frances
 27373 | Shoals:1 | Killed Frances
 27528 | Shoals:1 | Noticed Nikola
 27554 | Shoals:1 | Killed Nikola
 27896 | Shoals:1 | Received a gift from Okawaru
 27902 | Shoals:1 | Got an iridescent longbow {god gift}
 27903 | Shoals:1 | Identified the +12 longbow "Kourev" {velocity, +Blink MR+++ Str-2 Dex+2} (Okawaru gifted it to you on level 1 of the Shoals)
 28097 | Shoals:2 | Noticed Aizul
 28123 | Shoals:2 | Killed Aizul
 28253 | Shoals:2 | Noticed a kraken
 29015 | Shoals:3 | Noticed Salmacis's ghost (adept OpFi)
 29064 | Shoals:3 | Killed Salmacis's ghost
 29665 | Shoals:3 | Received a gift from Okawaru
 29955 | Shoals:4 | Entered Level 4 of the Shoals
 29969 | Shoals:4 | Noticed Donald
 29982 | Shoals:4 | Killed Donald
 29983 | Shoals:4 | Noticed Ilsuiw
 30501 | Elf:1    | Entered Level 1 of the Elven Halls
 30967 | Elf:1    | Reached XP level 17. HP: 170/170 MP: 20/20
 31110 | Elf:1    | Noticed Agnes
 31347 | Elf:1    | Found Plog's General Store.
 31359 | Elf:1    | Killed Agnes
 31455 | Elf:1    | Bought a potion of curing for 51 gold pieces
 32343 | Elf:2    | Found Qamukuen's Antique Armour Shop.
 32419 | Elf:2    | Reached skill level 15 in Shields
 32532 | Elf:2    | Found a runed gate.
 32532 | Elf:2    | Found a runed gate.
 32532 | Elf:2    | Found a runed gate.
 32546 | Elf:2    | Received a gift from Okawaru
 32793 | Elf:3    | Entered Level 3 of the Elven Halls
 33147 | Elf:3    | Noticed a Brimstone Fiend
 33305 | Elf:3    | Noticed a deep elf master archer
 33350 | Elf:3    | Killed a deep elf master archer
 33479 | Elf:3    | Noticed a deep elf blademaster
 33512 | Elf:3    | Killed a deep elf blademaster
 33537 | Elf:3    | Noticed a deep elf master archer
 33556 | Elf:3    | Killed a deep elf master archer
 33556 | Elf:3    | Reached XP level 18. HP: 184/185 MP: 21/21
 33789 | Elf:3    | Received a gift from Okawaru
 34044 | Elf:3    | Identified Tonocsor's Papyrus of the Shifting Frostbite
 34131 | Elf:3    | Got a sparkling tin ring
 34387 | Elf:3    | Found a deep blue altar of Sif Muna.
 34959 | Elf:3    | Identified the Tome of Floating Earth
 35235 | D:8      | Bought glowing acid dragon scales for 1247 gold pieces
 35236 | D:8      | Identified the ring "Izer" {+Fly rC+++ Int+3 Dex-2 Stlth-} (You took it off a deep elf sorcerer on level 3 of the Elven Halls)
 35457 | Shoals:4 | Found a sacrificial altar of Ru.
 35589 | Shoals:4 | Upgraded the game from 0.21-a0-444-g29a2fec to 0.21-a0-450-gd87a9b2
 35735 | Shoals:4 | Reached skill level 5 in Armour
 36030 | Shoals:4 | Got a barnacled rune of Zot
 36405 | Spider:1 | Entered Level 1 of the Spider Nest
 36467 | Spider:1 | Received a gift from Okawaru
 36568 | Spider:1 | Noticed Josephine
 36577 | Spider:1 | Killed Josephine
 37010 | Spider:2 | Noticed Arachne
 37025 | Spider:2 | Killed Arachne
 37193 | Spider:2 | Reached XP level 19. HP: 198/198 MP: 22/22
 38854 | Spider:4 | Entered Level 4 of the Spider Nest
 38992 | Spider:4 | Noticed Kirke
 39007 | Spider:4 | Killed Kirke
 39007 | Spider:4 | Reached skill level 15 in Fighting
 39323 | Spider:3 | Received a gift from Okawaru
 40052 | Spider:4 | Got a gossamer rune of Zot
 40596 | Vaults:1 | Entered Level 1 of the Vaults
 41722 | Vaults:1 | Found Osah's Antique Weapon Emporium.
 42125 | Vaults:2 | Found a staircase to the Crypt.
 42288 | Vaults:2 | Reached XP level 20. HP: 213/213 MP: 23/23
 42376 | Vaults:2 | Received a gift from Okawaru
 42422 | Vaults:2 | Found Neaxzun's Food Emporium.
 43231 | Vaults:2 | Noticed Xtahua
 43240 | Vaults:2 | Killed Xtahua
 43276 | Vaults:2 | Received a gift from Okawaru
 43298 | Vaults:2 | Got a fine eveningstar {god gift}
 43300 | Vaults:2 | Identified the +1 eveningstar "Haaryn" {speed, *Corrode rElec Int+3} (Okawaru gifted it to you on level 2 of the Vaults)
 43414 | Vaults:3 | Found Bixa's General Store.
 43736 | Vaults:3 | Noticed Jory
 43757 | Vaults:3 | Killed Jory
 43769 | Vaults:3 | Received a gift from Okawaru
 44294 | Vaults:3 | Gained mutation: You expend magic power (3 MP) to strengthen your wands. [a shining eye]
 44299 | Vaults:3 | Gained mutation: Scrolls take you a little longer to read. [a shining eye]
 44310 | Vaults:3 | Lost mutation: Scrolls take you a little longer to read. [potion of mutation]
 44310 | Vaults:3 | Lost mutation: You expend magic power (3 MP) to strengthen your wands. [potion of mutation]
 44310 | Vaults:3 | Gained mutation: You have an increased reservoir of magic. (+10% MP) [potion of mutation]
 44310 | Vaults:3 | Gained mutation: You evolve. [potion of mutation]
 44310 | Vaults:3 | Gained mutation: Your muscles are strong. (Str +2) [potion of mutation]
 44338 | Vaults:3 | Got an encrusted scarf {god gift}
 44339 | Vaults:3 | Identified the scarf "Kobres" {rElec Str+2 SInv} (Okawaru gifted it to you on level 3 of the Vaults)
 44577 | Vaults:3 | Reached XP level 21. HP: 218/226 MP: 22/27
 44876 | Vaults:3 | Received a gift from Okawaru
 45658 | Vaults:4 | Received a gift from Okawaru
 45818 | Vaults:4 | Gained mutation: You are resistant to hostile enchantments. (MR+) [evolution]
 46889 | D:8      | Bought a scroll of enchant armour for 217 gold pieces
 47050 | Depths:1 | Entered Level 1 of the Depths
 47949 | Depths:1 | Found a gateway to Hell.
 48155 | Depths:2 | Reached XP level 22. HP: 241/241 MP: 28/28
 48901 | Depths:2 | Received a gift from Okawaru
 48985 | Depths:2 | Found an iron altar of Okawaru.
 49812 | Depths:3 | Found a one-way gate leading to the halls of Pandemonium.
 50031 | Depths:3 | Noticed Margery
 50045 | Depths:3 | Killed Margery
 50045 | Depths:3 | Received a gift from Okawaru
 50440 | Depths:3 | Received a gift from Okawaru
 50540 | Depths:3 | Got smoking quicksilver dragon scales {god gift}
 50541 | Depths:3 | Identified the quicksilver dragon scales of Servitude {MR+ Str+8 Int-5} (Okawaru gifted it to you on level 3 of the Depths)
 50648 | Depths:3 | Noticed a golden dragon
 50649 | Depths:3 | Noticed a juggernaut
 50659 | Depths:3 | Killed a golden dragon
 50669 | Depths:3 | Killed a juggernaut
 50835 | Depths:3 | Noticed a caustic shrike
 50845 | Depths:3 | Killed a caustic shrike
 51048 | Depths:3 | Reached XP level 23. HP: 258/258 MP: 23/29
 51585 | Depths:4 | Received a gift from Okawaru
 51606 | Depths:4 | Noticed Boris
 51623 | Depths:4 | Killed Boris
 52026 | Depths:4 | Found a gateway to a ziggurat.
 52275 | Depths:4 | Found a one-way gate to the infinite horrors of the Abyss.
 52510 | Zig:1    | Entered Level 1 of a ziggurat
 52529 | Zig:2    | Entered Level 2 of a ziggurat
 52562 | Zig:3    | Entered Level 3 of a ziggurat
 52848 | Depths:5 | Entered Level 5 of the Depths
 52959 | Depths:5 | Found a white marble altar of Elyvilon.
 53049 | Depths:5 | Found a bloodstained altar of Trog.
 53057 | Depths:5 | Received a gift from Okawaru
 53285 | Depths:5 | Reached skill level 10 in Armour
 53304 | Depths:5 | Got a twisted cloak {god gift}
 53305 | Depths:5 | Identified the +0 cloak of Okawaru's Generosity {*Slow rC+++ rCorr Int+3} (Okawaru gifted it to you on level 5 of the Depths)
 53410 | Depths:5 | Found a gate to the Realm of Zot.
 53676 | Depths:5 | Noticed a juggernaut
 53686 | Depths:5 | Killed a juggernaut
 53738 | Depths:5 | Found a shimmering altar of Xom.
 53920 | Depths:5 | Found a stormy altar of Qazlal.
 53960 | Depths:5 | Reached XP level 24. HP: 221/272 MP: 29/29
 54929 | Vaults:5 | Entered Level 5 of the Vaults
 55050 | Vaults:5 | Noticed an ancient lich
 55084 | Vaults:4 | Received a gift from Okawaru
 55103 | Vaults:5 | Killed an ancient lich
 56063 | Vaults:5 | Reached skill level 15 in Armour
 56346 | Vaults:5 | Found the +7 longbow "Piercer" {penet, EV-2}
 56426 | Vaults:5 | Got a heavily runed cloak
 56427 | Vaults:5 | Identified the +0 cloak of the Big Bang {-Cast rElec Int+7 Stlth+} (You acquired it on level 5 of the Vaults)
 56598 | Vaults:5 | Got a silver rune of Zot
 56935 | Vaults:5 | Found the +8 lance "Wyrmbane" {slay drac, rPois rF+ rC+ AC+3}
 57165 | Vaults:5 | Received a gift from Okawaru
 57301 | Vaults:5 | Gained mutation: Your spells are a little harder to cast, but a little more powerful. [evolution]
 57472 | Vaults:5 | Reached XP level 25. HP: 268/279 MP: 29/29
 57865 | Zot:1    | Entered Level 1 of the Realm of Zot
 58291 | Zot:4    | Noticed an orb of fire
 58292 | Zot:4    | Gained mutation: Armour fits poorly on your strangely shaped body. [an orb of fire]
 58303 | Zot:4    | Killed an orb of fire
 58333 | Zot:5    | Entered Level 5 of the Realm of Zot
 58648 | Zot:5    | Noticed an orb of fire
 58661 | Zot:5    | Gained mutation: Your body sometimes deteriorates upon taking damage. [an orb of fire]
 58663 | Zot:5    | Killed an orb of fire
 58673 | Zot:5    | Received a gift from Okawaru
 58674 | Zot:5    | Found the +6 arbalest "Damnation" {damnation}
 59111 | Zot:5    | Noticed an ancient lich
 59121 | Zot:5    | Killed an ancient lich
 59378 | Zot:5    | Noticed an orb of fire
 59380 | Zot:5    | Noticed an ancient lich
 59382 | Zot:5    | Gained mutation: Scrolls take you a little longer to read. [an orb of fire]
 59384 | Zot:5    | Gained mutation: You are occasionally teleported next to monsters. [an orb of fire]
 59391 | Zot:5    | Killed an ancient lich
 59393 | Zot:5    | Killed an orb of fire
 59393 | Zot:5    | Received a gift from Okawaru
 59426 | Zot:5    | Noticed an ancient lich
 59442 | Zot:5    | Killed an ancient lich
 59580 | Zot:5    | Lost mutation: Your muscles are strong. (Str +2) [potion of mutation]
 59580 | Zot:5    | Lost mutation: Armour fits poorly on your strangely shaped body. [potion of mutation]
 59580 | Zot:5    | Lost mutation: Your body sometimes deteriorates upon taking damage. [potion of mutation]
 59580 | Zot:5    | Gained mutation: You have a beak for a mouth. [potion of mutation]
 59580 | Zot:5    | Gained mutation: You are partially covered in iridescent scales. (AC +2) [potion of mutation]
 59580 | Zot:5    | Gained mutation: Your flesh is cold resistant. (rC+) [potion of mutation]
 59581 | Zot:5    | Lost mutation: Your spells are a little harder to cast, but a little more powerful. [potion of mutation]
 59581 | Zot:5    | Lost mutation: Scrolls take you a little longer to read. [potion of mutation]
 59581 | Zot:5    | Lost mutation: You are resistant to hostile enchantments. (MR+) [potion of mutation]
 59581 | Zot:5    | Gained mutation: You have a considerably increased reservoir of magic. (+20% MP) [potion of mutation]
 59581 | Zot:5    | Gained mutation: You possess an exceptional clarity of mind. [potion of mutation]
 59582 | Zot:5    | Lost mutation: You have a beak for a mouth. [potion of mutation]
 59582 | Zot:5    | Lost mutation: You possess an exceptional clarity of mind. [potion of mutation]
 59582 | Zot:5    | Gained mutation: You are frail. (-10% HP) [potion of mutation]
 59582 | Zot:5    | Gained mutation: You expend magic power (3 MP) to strengthen your wands. [potion of mutation]
 59582 | Zot:5    | Gained mutation: You have large cloven feet. [potion of mutation]
 59583 | Zot:5    | Lost mutation: Your flesh is cold resistant. (rC+) [potion of mutation]
 59583 | Zot:5    | Lost mutation: You are occasionally teleported next to monsters. [potion of mutation]
 59583 | Zot:5    | Lost mutation: You expend magic power (3 MP) to strengthen your wands. [potion of mutation]
 59583 | Zot:5    | Gained mutation: You have hoof-like feet. [potion of mutation]
 59583 | Zot:5    | Gained mutation: You have a pair of small antennae on your head. [potion of mutation]
 59583 | Zot:5    | Gained mutation: Your flesh is heat resistant. (rF+) [potion of mutation]
 59720 | Zot:5    | Noticed an ancient lich
 59730 | Zot:5    | Killed an ancient lich
 59739 | Zot:5    | Reached XP level 26. HP: 211/261 MP: 26/32
 59819 | Zot:5    | Received a gift from Okawaru
 60241 | Zot:5    | Noticed an orb of fire
 60254 | Zot:5    | Killed an orb of fire
 60268 | Zot:5    | Noticed an orb of fire
 60275 | Zot:5    | Gained mutation: You tend to lose your temper in combat. [an orb of fire]
 60278 | Zot:5    | Killed an orb of fire
 60385 | Zot:5    | Noticed an orb of fire
 60400 | Zot:5    | Killed an orb of fire
 60408 | Zot:5    | Noticed an orb of fire
 60409 | Zot:5    | Lost mutation: You have a considerably increased reservoir of magic. (+20% MP) [an orb of fire]
 60411 | Zot:5    | Gained mutation: Armour fits poorly on your strangely shaped body. [an orb of fire]
 60423 | Zot:5    | Killed an orb of fire
 60639 | Zot:5    | Got the Orb of Zot
 60766 | Zot:3    | Noticed Pymu the pandemonium lord
 60770 | Zot:2    | Noticed Viwudd the pandemonium lord
 60770 | Zot:2    | Noticed an ancient lich
 61004 | D:15     | Received a gift from Okawaru
 61013 | D:14     | Gained mutation: You are very frail. (-20% HP) [a neqoxec]
 61108 | D:10     | Noticed Ecioj the pandemonium lord
 61123 | D:10     | Noticed Ilirche the pandemonium lord
 61178 | D:10     | Noticed Kehatess the pandemonium lord
 61185 | D:10     | Noticed Satzit the pandemonium lord
 61187 | D:10     | HP: 11/247 [Kehatess the pandemonium lord (7)]
 61191 | D:10     | Demolished by Kehatess the pandemonium lord

Vault maps used:
D:1:      co_arrival_random_square_maze, minmay_misc_feat_cross
D:2:      minmay_split_cup_large, uniq_jessica, uniq_natasha
D:3:      uniq_robin
D:4:      kennysheep_kobold_camp
D:5:      first_bread, nemelex_dance_club_becter
D:6:      corexii_corridor_pit
D:7:      kennysheep_mini_moat, minmay_temple_entry_junction_2, serial_shops,
          shop_statue
D:8:      serial_shops, nicolae_shop_overgrown_old_shop
D:9:      due_lair_maze_entry_diamond, basic_altar, uniq_erolcha
D:11:     orc_0_dummy, lemuel_centaur_altar, uniq_gastronok, uniq_snorg
D:13:     david_vaults_5, serial_shops, shop
D:14:     lemuel_statue_altar, serial_shops, kennysheep_mini,
          hangedman_fish_farm, uniq_roxanne
D:15:     gammafunk_depths_entry_grave, serial_shops, nicolae_shop_waterfront,
          lab_entry_generic, wad_floor_pattern_untrapped
Temple:   roderic_octagonal_lattice_temple
Lair:1:   special_room
Lair:2:   nicolae_spider_entry_orb_guardian, hangedman_lair_generics_rect
Lair:3:   uniq_rupert
Lair:4:   elwin_shoals_entry_rocks
Lair:5:   minmay_slime_entry_oklob_enclosed, portal_ice_cave_entry_pillars_1,
          serial_bayou_ford_a, lemuel_fruit_tree
Lair:6:   minmay_lair_end_frog_pond, serial_bayou_shore_b
Shoals:1: ldierk_geyser, lightli_airlock, uniq_frances, uniq_nikola
Shoals:2: nicolae_shoals_circle_sea_wall, nicolae_shoals_cliffside_cave,
          nicolae_shoals_loop_pool, uniq_aizul
Shoals:4: shoals_end_grunt_ice, shoals_ilsuiw_alternative, lemuel_oklob_altar,
          uniq_donald, uniq_ilsuiw
Spider:1: uniq_josephine
Spider:2: uniq_arachne
Spider:4: guppyfry_spider_rune, spider_trap, uniq_kirke
Orc:2:    grunt_orc_gardens, grunt_orc_garden, grunt_orc_garden,
          grunt_orc_garden, grunt_orc_garden, nicolae_orc_sculptors_studio,
          statue_in_the_mist_lemuel, lightli_church_of_beogh
Elf:1:    serial_sigils, serial_sigils_hangedman_confine,
          serial_sigils_hangedman_leer, serial_sigils_hangedman_quiver,
          serial_sigils_hangedman_gnaw, serial_shops,
          nicolae_shop_competitors_out_of_business, spider_trap, kb_rosetta,
          uniq_agnes
Elf:2:    serial_shops, nicolae_shop_stone, grunt_ministairs_4,
          nicolae_elf_big_sculpture_1
Elf:3:    elf_hall, tgw_sif, grunt_megastairs_5
Vaults:1: hangedman_vaults_stream, hangedman_vaults_pinch,
          ontoclasm_vaults_gateway, nicolae_vaults_yaktaur_gun_rack, v_misc_19,
          vaults_room_door_ring, serial_shops, shop
Vaults:2: ontoclasm_vaults_fault, minmay_crypt_entry_simple_plaza,
          ontoclasm_vaults_decontamination, nicolae_vaults_mini_display_case,
          hangedman_vaults_stretched_pinwheel, nicolae_vaults_theta,
          dpeg_vaults_monster_box, v_misc_30, nicolae_vaults_three_branches,
          grunt_vaults_twisty, nicolae_vaults_network_barrier,
          nicolae_vaults_theta, serial_shops, shop, uniq_xtahua
Vaults:3: vaults_room_pool, ontoclasm_vaults_ring_large,
          dpeg_vaults_pockets_of_resistance, hangedman_vaults_cutoff,
          hangedman_vaults_stagger, nicolae_vaults_asterisk, v_pattern_3,
          vaults_room_door_hall, v_misc_25, v_rooms_5, v_misc_4, serial_shops,
          shop, uniq_jory
Vaults:4: nicolae_vaults_asterisk, vaults_mumra_hexcomb, v_pattern_5,
          nicolae_vaults_statue_guard, vaults_standard_mumra_enter_the_diamond,
          hangedman_vaults_maws, nicolae_vaults_sealed_display,
          nicolae_vaults_circle_grid_b, vaults_room_semicircle, v_misc_3,
          nicolae_vaults_little_squares_4
Depths:1: hangedman_geh_valley, serial_bayou_lagoon_a, minmay_misc_feat_iff,
          minmay_three_doors
Depths:2: evilmike_iron_armoury, hell_entry, serial_bayou_pond_d
Depths:3: angbandy_vault, pan_entry, grunt_metal_band,
          infiniplex_staircase_trident
Depths:4: hangedman_screamer, enter_ziggurat_f, pf_hell_entry_tar_spiral,
          minmay_misc_feat_four_crosses, hangedman_abyss_entry_splay,
          minmay_staircase_statues
Depths:5: grunt_profane_halls, hell_entry
Zot:1:    kennysheep_bubbly, st_stairs_10, nicolae_transmutations_shop
Zot:4:    circus_mu, hangedman_zot_decor_scrapings
Lab:      labyrinth_mini_lab, labyrinth_skeletal_remains, nicolae_lab_t_cross
IceCv:    ice_cave_caverns_01

Skill      XL: |  1  2  3  4  5  6  7  8  9 10 11 12 13 14 15 16 17 18 19 20 21 22 23 24 25 26 |
---------------+-------------------------------------------------------------------------------+-----
Unarmed Combat | 4 5 7 8 10 11 13 14 15 16 17 18 19 20 22 | 22.6
Fighting       | 3 4 5 6 7 8 9 10 11 13 14 15 17 18 20 21 22 | 22.0
Shields        | 2 6 8 9 11 13 14 15 | 15.0
Armour         | 4 7 11 15 19 20 | 20.6
Dodging        | 6 10 | 10.4
Invocations    | 3 6 |  6.0
Evocations     | 3 |  3.4
Stealth        | |  1.0

Action                   |  1- 3 |  4- 6 |  7- 9 | 10-12 | 13-15 | 16-18 | 19-21 | 22-24 | 25-27 || total
-------------------------+-------+-------+-------+-------+-------+-------+-------+-------+-------++-------
Melee: Unarmed           |    68 |   203 |   251 |   547 |  1625 |  1664 |  2001 |  1522 |   656 ||  8537
       Punch             |       |     8 |     5 |       |       |       |       |       |       ||    13
       Kick              |       |       |       |       |       |       |       |       |   109 ||   109
Throw: Javelin           |       |     1 |     6 |     5 |    10 |       |       |       |       ||    22
       Large rock        |       |       |       |       |       |    13 |    10 |     8 |     2 ||    33
Invok: Heroism           |       |       |     1 |    22 |    66 |    49 |    53 |    53 |    21 ||   265
       Finesse           |       |       |       |       |     9 |    14 |     8 |    16 |    14 ||    61
 Abil: Evoke Flight      |       |       |       |       |       |     1 |       |       |       ||     1
Evoke: Wand              |       |       |       |     5 |     9 |       |       |     2 |     1 ||    17
       Box of beasts     |       |       |       |       |       |     1 |       |       |       ||     1
       Phial of floods   |       |       |       |       |       |     1 |       |       |       ||     1
  Use: Scroll            |       |    13 |     4 |     7 |    19 |    15 |    10 |    20 |    10 ||    98
       Potion            |       |       |     1 |     7 |     5 |     9 |     3 |     1 |    14 ||    40
 Stab: Sleeping          |     3 |     4 |     7 |    11 |     7 |       |       |     1 |       ||    33
       Invisible         |       |       |       |       |     2 |       |       |       |       ||     2
       Distracted        |       |       |       |       |     1 |     2 |       |       |       ||     3
       Petrified         |       |       |       |       |       |     1 |       |       |       ||     1
       Confused          |       |       |       |       |       |       |       |       |     2 ||     2
  Eat: Chunk             |    16 |    23 |    30 |    69 |   108 |    75 |    66 |    73 |    12 ||   472
       Bread ration      |       |       |       |       |     2 |       |     8 |     3 |     3 ||    16
       Meat ration       |       |       |       |       |       |     2 |       |       |       ||     2
Armor: Robe              |    16 |    75 |    62 |    40 |       |       |       |       |       ||   193
       Troll leather arm |       |       |       |    24 |   165 |    54 |       |       |       ||   243
       Swamp dragon scal |       |       |       |       |       |    23 |       |       |       ||    23
       Acid dragon scale |       |       |       |       |       |    36 |   215 |   152 |       ||   403
       Gold dragon scale |       |       |       |       |       |       |       |   108 |   100 ||   208
Dodge: Dodged            |    27 |    98 |    91 |   131 |   433 |   466 |   573 |   368 |   116 ||  2303
Block: Shield            |       |       |    10 |   232 |   188 |       |       |       |       ||   430
       Large shield      |       |       |       |       |  1221 |  1866 |  2169 |  1631 |   506 ||  7393

Table legend:
 A = Spawn XP
 B = Non-spawn XP
 C = Spawn XP percentage of total XP
 D = Spawn monster count
 E = Non-spawn monster count
 F = Spawn count percentage of total count
 G = Total turns spent on level
                    A         B        C        D         E        F      G
               +---------+---------+-------+---------+---------+-------+---------
         Total |       0 | 1439153 |   0.0 |       0 |    2188 |   0.0 | 61191
               +---------+---------+-------+---------+---------+-------+---------
           D:1 |       0 |      31 |   0.0 |       0 |      21 |   0.0 |   842
           D:2 |       0 |     206 |   0.0 |       0 |      32 |   0.0 |  1349
           D:3 |       0 |      96 |   0.0 |       0 |      27 |   0.0 |   642
           D:4 |       0 |     355 |   0.0 |       0 |      30 |   0.0 |   947
           D:5 |       0 |    1018 |   0.0 |       0 |      16 |   0.0 |  1179
           D:6 |       0 |    1720 |   0.0 |       0 |      38 |   0.0 |  1123
           D:7 |       0 |    1030 |   0.0 |       0 |      20 |   0.0 |  1059
           D:8 |       0 |    1639 |   0.0 |       0 |      22 |   0.0 |  1074
           D:9 |       0 |    3340 |   0.0 |       0 |      26 |   0.0 |  1381
          D:10 |       0 |    7594 |   0.0 |       0 |      48 |   0.0 |  1429
          D:11 |       0 |    5817 |   0.0 |       0 |      19 |   0.0 |  1181
          D:12 |       0 |    6205 |   0.0 |       0 |      37 |   0.0 |  1476
          D:13 |       0 |   17594 |   0.0 |       0 |      52 |   0.0 |  1754
          D:14 |       0 |   14825 |   0.0 |       0 |      51 |   0.0 |   771
          D:15 |       0 |   16343 |   0.0 |       0 |      40 |   0.0 |  1095
        Lair:1 |       0 |    6824 |   0.0 |       0 |      40 |   0.0 |  1769
        Lair:2 |       0 |    5570 |   0.0 |       0 |      21 |   0.0 |  1401
        Lair:3 |       0 |    4089 |   0.0 |       0 |       7 |   0.0 |   897
        Lair:4 |       0 |    6488 |   0.0 |       0 |      27 |   0.0 |  1298
        Lair:5 |       0 |    4200 |   0.0 |       0 |      21 |   0.0 |  1167
        Lair:6 |       0 |   16444 |   0.0 |       0 |      58 |   0.0 |  1339
      Shoals:1 |       0 |   26090 |   0.0 |       0 |      39 |   0.0 |  1138
      Shoals:2 |       0 |   11550 |   0.0 |       0 |      24 |   0.0 |  1051
      Shoals:3 |       0 |   15355 |   0.0 |       0 |      25 |   0.0 |  1150
      Shoals:4 |       0 |   32571 |   0.0 |       0 |      46 |   0.0 |   737
      Spider:1 |       0 |   15420 |   0.0 |       0 |      37 |   0.0 |   589
      Spider:2 |       0 |   13561 |   0.0 |       0 |      24 |   0.0 |   596
      Spider:3 |       0 |   20079 |   0.0 |       0 |      59 |   0.0 |  1764
      Spider:4 |       0 |   33844 |   0.0 |       0 |      68 |   0.0 |  1022
         Orc:1 |       0 |     355 |   0.0 |       0 |      13 |   0.0 |   365
         Orc:2 |       0 |   17388 |   0.0 |       0 |      92 |   0.0 |  1859
         Elf:1 |       0 |   24258 |   0.0 |       0 |      45 |   0.0 |  1525
         Elf:2 |       0 |   14152 |   0.0 |       0 |      23 |   0.0 |   847
         Elf:3 |       0 |   78168 |   0.0 |       0 |      88 |   0.0 |  2236
      Vaults:1 |       0 |   28748 |   0.0 |       0 |      58 |   0.0 |  1605
      Vaults:2 |       0 |   53616 |   0.0 |       0 |      82 |   0.0 |  1335
      Vaults:3 |       0 |   90242 |   0.0 |       0 |     122 |   0.0 |  1730
      Vaults:4 |       0 |  120782 |   0.0 |       0 |     127 |   0.0 |  2686
      Vaults:5 |       0 |   82994 |   0.0 |       0 |      63 |   0.0 |  1569
      Depths:1 |       0 |   22683 |   0.0 |       0 |      38 |   0.0 |   947
      Depths:2 |       0 |   62751 |   0.0 |       0 |      73 |   0.0 |  1854
      Depths:3 |       0 |   95030 |   0.0 |       0 |      74 |   0.0 |  1665
      Depths:4 |       0 |   53118 |   0.0 |       0 |      56 |   0.0 |  1472
      Depths:5 |       0 |  100377 |   0.0 |       0 |      95 |   0.0 |  1841
         Zot:1 |       0 |   11868 |   0.0 |       0 |       5 |   0.0 |   105
         Zot:3 |       0 |    8510 |   0.0 |       0 |       6 |   0.0 |   309
         Zot:4 |       0 |   14661 |   0.0 |       0 |       5 |   0.0 |   356
         Zot:5 |       0 |  251863 |   0.0 |       0 |      85 |   0.0 |  2144
         Zig:1 |       0 |     904 |   0.0 |       0 |       1 |   0.0 |    19
         Zig:2 |       0 |    1796 |   0.0 |       0 |       4 |   0.0 |    33
           Lab |       0 |    1144 |   0.0 |       0 |       1 |   0.0 |   529
         IceCv |       0 |   13847 |   0.0 |       0 |      57 |   0.0 |   813
               +---------+---------+-------+---------+---------+-------+---------
